Map: Discordance EC

Players

Sorandom - Winner!

  • Race: Zerg Zerg
  • League: Diamond
  • Spawn Location: 7:00

Barren

  • Race: Zerg Zerg
  • League: Diamond
  • Spawn Location: 1:00

VOD

Have the link to the VOD?

Description

Time

  • Played on: April 12, 2019, 10:52 p.m.
  • Length: 3:18
Show
View Real Time Build Order
Export as new Build Order

Sorandom Zerg - Winner!

Build Orders: Pool Only 

Get SALT Encoding   

  12  0:18  Spawning Pool  
  11  0:52  Overlord  
  11  1:05  Zergling x6  
  14  1:22  Zergling x2  
  15  1:28  Zergling x2  
  16  1:40  Zergling x2  
  17  1:49  Zergling x2  
  18  2:02  Spine Crawler  
  18  2:04  Spine Crawler  
  18  2:06  Spine Crawler  
  9  2:23  Zergling x2  
  7  2:48  Zergling x2  
Show
View Real Time Build Order
Export as new Build Order

Barren Zerg 

Build Orders: 1 Base Baneling Bust, Pool Only 

Get SALT Encoding   

  12  0:01  Drone  
  13  0:09  Extractor  
  12  0:26  Spawning Pool  
  11  0:29  Drone  
  11  0:34  Drone  
  13  0:44  Drone  
  14  0:52  Overlord  
  14  1:13  Zergling x6  
  17  1:24  Metabolic Boost  
  17  1:27  Zergling x2  
  18  1:39  Zergling x2, Baneling Nest  
  18  1:50  Zergling x2  
  19  1:57  Zergling x2  
  20  2:06  Queen  
  20  2:24  Zergling x4  
  20  2:29  Baneling x4  
  20  2:49  Zergling x2  
Tags
 
Add a new tag
Caveats
  • Supply blocks, unpowered buildings, or Contaminate may cause inaccurate times.
  • Supply counts are checked every 10 seconds.